 Dungeon Crawl Stone Soup version 0.29-a0-337-g68df138881 (webtiles) character file.

Game seed: 13760121440829597435

1476 spaghetti the Ducker (level 8, -2/46 HPs)
             Began as an Octopode Conjurer on Apr 16, 2022.
             Slain by a bullfrog (7 damage)
             ... on level 6 of the Dungeon.
             The game lasted 00:10:26 (6323 turns).

spaghetti the Ducker (Octopode Conjurer)            Turns: 6323, Time: 00:10:26

Health: -2/46      AC:  2    Str: 12    XL:     8   Next: 78%
Magic:  8/16       EV: 15    Int: 22    God:
Gold:   240        SH:  0    Dex: 11    Spells: 2/18 levels left

rFire   + + .      SeeInvis .   v - +0 short sword {short}
rCold   x . .      Faith    .   (no shield)
rNeg    + . .      Spirit   .   B - +1 hat
rPois   .          Reflect  .   (no amulet)
rElec   .          Harm     .   E - ring of flight
rCorr   .          Rampage  .   w - ring of protection from fire
Will    .....                   N - ring of Gakkia {Fire Str+6}
Stlth   +++.......              O - ring of positive energy
HPRegen 0.15/turn               (no ring)
MPRegen 0.15/turn               (no ring)
                                (no ring)
                                (no ring)

@: about to teleport, flying, mesmerised
A: almost no armour, amphibious, 8 rings, camouflage 1, gelatinous body 1,
(nimble swimmer 1), tentacles
a: no special abilities


You were on level 6 of the Dungeon.
You visited 1 branch of the dungeon, and saw 6 of its levels.
You also visited: Sewer.

You collected 240 gold pieces.


Innate Abilities, Weirdness & Mutations

You cannot wear most types of armour.
You are amphibious.
You can wear up to eight rings at the same time.
Your skin changes colour to match your surroundings (Stealth+).
Your rubbery body absorbs attacks. (AC +1, EV +1)
((You are camouflaged when in or above water. (Stealth+)))
You have tentacles for arms and can constrict up to eight enemies at once.


   Skills:
 + Level 6.0 Dodging
 - Level 2.6 Stealth
 + Level 5.9 Spellcasting
 - Level 5.0 Conjurations
 - Level 3.0 Hexes
 - Level 3.0 Translocations
 - Level 2.0 Transmutations
 - Level 2.0 Earth Magic


You had 2 spell levels left.
You knew the following spells:

 Your Spells              Type           Power      Damage    Failure   Level
a - Magic Dart            Conj           100%       1d8       1%          1
b - Searing Ray           Conj           56%        2d6       1%          2
c - Passwall              Tmut/Erth      12%        N/A       6%          2
d - Fulminant Prism       Conj/Hex       12%        3d9       19%         4
e - Iskenderun's Mystic   Conj/Tloc      24%        2d7       19%         4
f - Swiftness             Air            6%         N/A       28%         3

Your spell library contained the following spells:

 Spells                   Type           Power      Damage    Failure   Level
 Apportation              Tloc           38%        N/A       2%          1
 Wereblood                Tmut           15%        N/A       6%          2
 Ensorcelled Hibernation  Hex/Ice        26%        N/A       8%          2
 Animate Skeleton         Necr           12%        N/A       10%         1
 Summon Small Mammal      Summ           24%        N/A       10%         1
 Sublimation of Blood     Necr           6%         N/A       14%         2
 Dazzling Flash           Conj/Hex       48%        N/A       5%          3
 Summon Hydra             Summ           3%         N/A       100%        7

Inventory:

Hand Weapons
 a - a +0 short sword {short}
   (You took it off a kobold on level 2 of the Dungeon)
 c - a +0 dagger {short}
   (You took it off a kobold on level 1 of the Dungeon)
 d - a +0 dagger {short}
   (You took it off a goblin on level 1 of the Dungeon)
 e - a +0 dagger {short}
   (You took it off a kobold on level 1 of the Dungeon)
 g - a +0 club {mace}
   (You found it on level 2 of the Dungeon)
 i - a +0 short sword {short}
   (You took it off a kobold on level 1 of the Dungeon)
 l - a +0 short sword {short}
   (You found it on level 2 of the Dungeon)
 m - a +0 hunting sling {sling}
   (You found it on level 2 of the Dungeon)
 n - a +0 club {mace}
   (You took it off a kobold on level 2 of the Dungeon)
 p - a +0 hand axe {axe}
   (You took it off a goblin on level 2 of the Dungeon)
 s - a +0 dagger {short}
   (You took it off a goblin on level 2 of the Dungeon)
 u - a +0 club {mace}
   (You took it off Jessica on level 2 of the Dungeon)
 v - a +0 short sword (weapon) {short}
   (You took it off a kobold on level 2 of the Dungeon)
 H - a +3 battleaxe {axe}
   (You took it off a wight on level 5 of the Dungeon)
 I - a +2 trident {polearm}
   (You took it off a wight on level 5 of the Dungeon)
Missiles
 b - 288 stones {throwing}
 y - 9 poisoned darts {throwing}
 F - 2 silver boomerangs {throwing}
 G - a boomerang {throwing}
Armour
 B - a +1 hat (worn)
   (You found it on level 3 of the Dungeon)
Jewellery
 w - a ring of protection from fire (right tentacle)
   (You found it on level 2 of the Dungeon)
 E - a ring of flight (left tentacle)
   (You found it on level 4 of the Dungeon)
 N - the ring of Gakkia (on tentacle) {Fire Str+6}
   (You found it on level 5 of the Dungeon)

   [ring of fire]

   It enhances your fire magic.
   Str:       It affects your strength (+6).
   rF:        It protects you from fire.
   rC:        It makes you vulnerable to cold.
 O - a ring of positive energy (on tentacle)
   (You found it on level 5 of the Dungeon)
Wands
 z - a wand of iceblast (11)
   (You found it on level 3 of the Dungeon)
Scrolls
 j - 2 scrolls of identify {@r1}
 q - a scroll of teleportation {@r4}
 r - a scroll of immolation {unknown}
 A - 2 scrolls of enchant armour {unknown}
 D - a scroll of summoning {unknown}
 L - a scroll of vulnerability {unknown}
Potions
 f - a potion of haste {@q3}
 o - 2 potions of invisibility {unknown}
 t - 3 potions of brilliance {unknown}
 x - 6 potions of heal wounds {@q2}
 C - a potion of flight
 J - a potion of degeneration {unknown}
 K - a potion of curing {unknown}
 M - a potion of might {unknown}

Dungeon Overview and Level Annotations

Branches:
Dungeon (6/15)              Sewer (visited)
 Temple: D:4-7

Altars:
Dithmenos
Makhleb
Okawaru
Uskayaw
Xom
Zin

Shops:
D:1 *

Annotations:
D:6 Maggie

### #..
#.# ...
#.# #.#
#F#
#@######
#.c....#
#.@....#
#......#
##.....#
#.....#
##...####
#.......+
##....<##


You could see Maggie (mesmerising), a bullfrog and a centaur.


Message History

Maggie the Vainglorious comes into view.
She is wielding a +2 glaive of flaming. 😎 MP[+4]
Your mp is fully restored (16).
Casting: Searing Ray (safe; 1% risk of failure)
Confirm with . or Enter, or press ? or * to list all spells.
Aiming: Magic Dart (safe; 1% risk of failure)
Press: ? - help, Shift-Dir - straight line, f - Maggie
Aim: Maggie, wielding a +2 glaive of flaming and wearing +0 steam dragon scales (asleep, 100% to hit)
The magic dart hits Maggie but does no damage.
Maggie shouts! 😎 MP[-1]
You lost 1 mp, and now have 15/16 mp.
Casting: Magic Dart (safe; 1% risk of failure)
Confirm with . or Enter, or press ? or * to list all spells.
You can't see any susceptible monsters within range! (Use Z to cast anyway.)
The magic dart hits Maggie.
A centaur comes into view.
Maggie gestures wildly while chanting.
Maggie attempts to bespell you!
You easily resist.
The centaur moves out of view. 😎 MP[-1]
You lost 1 mp, and now have 14/16 mp.
The magic dart hits Maggie but does no damage. 😎 MP[-1]
You lost 1 mp, and now have 13/16 mp.
Casting: Magic Dart (safe; 1% risk of failure)
Confirm with . or Enter, or press ? or * to list all spells.
You can't see any susceptible monsters within range! (Use Z to cast anyway.) Unknown command.
The magic dart hits Maggie.
The centaur shouts! 😎 MP[-1]
You lost 1 mp, and now have 12/16 mp.
Casting: Magic Dart (safe; 1% risk of failure)
Confirm with . or Enter, or press ? or * to list all spells.
Aiming: Searing Ray (safe; 1% risk of failure)
Press: ? - help, Shift-Dir - straight line, f/p - Maggie
Aim: Maggie, wielding a +2 glaive of flaming and wearing +0 steam dragon scales (lightly wounded, 79% to hit)
The searing ray hits Maggie. (Press . to maintain the ray.)
A bullfrog comes into view. 😎 MP[-2]
You lost 2 mp, and now have 10/16 mp.
The searing ray hits Maggie but does no damage.
The searing ray hits Maggie.
The searing ray hits the centaur.
Maggie casts a spell.
Maggie attempts to bespell you!
You resist with almost no effort. 😎 MP[-1]
You lost 1 mp, and now have 9/16 mp.
The searing ray misses Maggie.
You finish channelling your searing ray.
The centaur wields a +0 shortbow.
The centaur shoots an arrow.
The arrow hits you!
Maggie barely misses you. 😕 HP[-9] MP[-1]
You take 9 damage, and now have 37/46 hp.
You lost 1 mp, and now have 8/16 mp.
Unknown command.
The centaur shoots an arrow.
The arrow closely misses you.
The centaur shoots an arrow.
The arrow hits you.
Maggie gestures wildly while chanting.
Maggie attempts to bespell you!
You are mesmerised by Maggie!
You hear a loud, deep croak! 😮 HP[-6]
You take 6 damage, and now have 31/46 hp.
As you read the scroll labelled KEHIKHL NUOM, it crumbles to dust.
It is a scroll of enchant weapon.
Your +2 battleaxe {axe} glows red for a moment.
The centaur shoots an arrow.
The arrow hits you!
* * * LOW HITPOINT WARNING * * *
😨 HP[-8]
You take 8 damage, and now have 23/46 hp.
Blink to where?
Press: ? - help, Dir - move target, p - Maggie You cannot blink away from Maggie!
Blink to where?
Press: ? - help, Dir - move target You cannot blink away from Maggie!
Blink to where?
Press: ? - help, Dir - move target, f - Maggie
Aim: Maggie, wielding a +2 glaive of flaming and wearing +0 steam dragon scales (moderately wounded, mesmerising) Are you sure you want to cancel this blink?
Blink to where?
Press: ? - help, Dir - move target
As you read the scroll labelled ZICZAUTUXO, it crumbles to dust.
It was a scroll of blinking.
The centaur unwields a +0 shortbow.
The centaur hits you.
* * * LOW HITPOINT WARNING * * *
The centaur misses you. x2
The centaur kicks you but does no damage.
Maggie hits you from afar with a +2 glaive of flaming!
* * * LOW HITPOINT WARNING * * *
😱 HP[-18]
You take 18 damage, and now have 5/46 hp.
MASSIVE DAMAGE!! (PAUSE) Unknown command.
As you read the scroll labelled CEEMIGHAAQA, it crumbles to dust.
You feel strangely unstable.
It was a scroll of teleportation.
The bullfrog hits you!
You die...

Skill      XL: |  1  2  3  4  5  6  7  8 |
---------------+-------------------------+-----
Conjurations   | 5 |  5.0
Translocations | 1 2 3 |  3.0
Hexes          | 1 2 3 |  3.0
Transmutations | 1 2 |  2.0
Earth Magic    | 1 2 |  2.0
Spellcasting   | 3 4 5 |  5.9
Dodging        | 4 6 |  6.0
Stealth        | |  2.6

Action                   |  1- 3 |  4- 6 |  7- 9 || total
-------------------------+-------+-------+-------++-------
Melee: Unarmed           |    11 |     1 |       ||    12
       Tentacles         |     7 |     2 |     1 ||    10
       Constrict         |     5 |     3 |     1 ||     9
       Punch             |     1 |       |       ||     1
       Short sword       |       |    15 |     4 ||    19
 Cast: Magic Dart        |    72 |    97 |    64 ||   233
       Searing Ray       |     1 |    11 |    25 ||    37
  Use: Scroll            |     2 |       |     3 ||     5
       Potion            |     3 |     1 |     1 ||     5
Armor: Skin              |     2 |     1 |     1 ||     4
Dodge: Dodged            |    22 |    16 |    48 ||    86

Levels and vault maps discovered:
D:1:      lightli_arrival_chessboard, layout_loops_ring, serial_shops,
          nicolae_shop_trees, solitary_fountain, st_stairs_9
D:2:      layout_rooms, minmay_misc_feat_rugged, minmay_split_cup_large,
          uniq_jessica
D:3:      layout_loops_ring, okawaru_gym_becter, gammafunk_temple_overflow_wave,
          mainiacjoe_overflow_surrounded_room, basic_ecumenical_altar,
          portal_sewer_entry_a, hangedman_decor_diamond_cutter
D:4:      layout_rooms, zin_scriptorium, lemuel_crystal_altar,
          minmay_tree_intersection, st_stairs_5
D:5:      layout_loops_cross
D:6:      layout_loops_corners, mainiacjoe_overflow_cross_hatched,
          minmay_temple_entry_slanted, hangedman_decor_growths,
          minmay_misc_feat_tiny, uniq_sigmund, uniq_grinder, uniq_blork_the_orc,
          uniq_menkaure, uniq_maggie

Notes
Turn   | Place    | Note
-------+----------+-------------------------------------------
     0 | D:1      | spaghetti the Octopode Conjurer began the quest for the
                  | Orb.
     0 | D:1      | Reached XP level 1. HP: 11/11 MP: 3/3
     0 | D:1      | magus.rc [v1.9.6]
   160 | D:1      | Reached XP level 2. HP: 17/17 MP: 1/5
   511 | D:1      | Reached XP level 3. HP: 21/21 MP: 0/6
   514 | D:1      | Learned a level 2 spell: Searing Ray
   735 | D:1      | You pick up a book of Burglary and begin reading...
   735 | D:1      | You add the spells Passwall, Ensorcelled Hibernation and
                  | Swiftness to your library.
   744 | D:1      | Learned a level 2 spell: Passwall
   834 | D:1      | Found Wiomaohy's General Store.
  1174 | D:2      | Reached skill level 5 in Conjurations
  1589 | D:2      | Reached XP level 4. HP: 14/27 MP: 3/7
  1592 | D:2      | Reached skill level 1 in Translocations
  1845 | D:2      | Noticed Jessica
  1852 | D:2      | Killed Jessica
  1853 | D:2      | Reached skill level 1 in Hexes
  1853 | D:2      | Reached skill level 1 in Transmutations
  1853 | D:2      | Reached skill level 1 in Earth Magic
  2281 | D:3      | Reached XP level 5. HP: 31/31 MP: 3/8
  2443 | D:3      | Found a glowing drain.
  2461 | Sewer    | Entered a sewer
  2701 | D:3      | Found a faded altar of an unknown god.
  2785 | D:3      | You pick up a book of Cantrips and begin reading...
  2785 | D:3      | You add the spells Animate Skeleton, Summon Small Mammal
                  | and Apportation to your library.
  2892 | D:3      | Reached XP level 6. HP: 36/36 MP: 5/10
  2998 | D:3      | Found a burning altar of Makhleb.
  2998 | D:3      | Found a shadowy altar of Dithmenos.
  3011 | D:3      | Found a hide-covered altar of Uskayaw.
  3115 | D:3      | Found an iron altar of Okawaru.
  3464 | D:4      | Noticed a steam dragon
  3564 | D:4      | Found a shimmering altar of Xom.
  3622 | D:4      | Reached skill level 3 in Spellcasting
  3622 | D:4      | Reached skill level 2 in Hexes
  3622 | D:4      | Reached skill level 2 in Translocations
  3622 | D:4      | Reached skill level 2 in Transmutations
  3622 | D:4      | Reached skill level 2 in Earth Magic
  3960 | D:4      | You pick up a book of Blood and begin reading...
  3960 | D:4      | You add the spells Sublimation of Blood, Wereblood and
                  | Summon Hydra to your library.
  4327 | D:4      | Found a glowing silver altar of Zin.
  4356 | D:4      | Killed a steam dragon
  4357 | D:4      | Reached XP level 7. HP: 33/41 MP: 1/12
  4449 | D:5      | Entered Level 5 of the Dungeon
  4477 | D:5      | Reached skill level 3 in Dodging
  4477 | D:5      | Reached skill level 3 in Translocations
  4480 | D:5      | Reached skill level 3 in Hexes
  4554 | D:5      | Reached skill level 4 in Spellcasting
  4819 | D:5      | Reached skill level 4 in Dodging
  4824 | D:5      | Reached XP level 8. HP: 37/46 MP: 1/14
  5458 | D:5      | Reached skill level 5 in Dodging
  5458 | D:5      | Reached skill level 5 in Spellcasting
  5609 | D:5      | Learned a level 4 spell: Fulminant Prism
  5614 | D:5      | Learned a level 4 spell: Iskenderun's Mystic Blast
  5618 | D:5      | Learned a level 3 spell: Swiftness
  5759 | D:5      | Identified the ring of Gakkia {Fire Str+6}
  6281 | D:6      | Reached skill level 6 in Dodging
  6311 | D:6      | Noticed Maggie
  6322 | D:6      | HP: 5/46 [Maggie/+2 glaive of flaming (13)]
  6323 | D:6      | Slain by a bullfrog

Vanquished Creatures
  A steam dragon (D:4)
  A water moccasin (D:5)
  An ice beast (D:5)
  A black bear (D:5)
  A phantom (D:5)
  A bullfrog (D:6)
  3 scorpions
  3 wights (D:5)
  2 hounds (D:5)
  A jelly (D:5)
  2 orc priests
  Jessica (D:2)
  2 iguanas
  3 orc wizards
  10 gnolls (D:5)
  8 adders
  A river rat (Sewer)
  A white imp (D:5)
  2 dart slugs (D:1)
  10 orcs
  6 endoplasms
  3 giant cockroaches (D:3)
  5 goblins
  6 hobgoblins
  5 jackals
  8 kobolds
  5 quokkas
  14 ball pythons
  7 bats
  2 frilled lizards
  7 rats
123 creatures vanquished.

Table legend:
 A = Non-vault XP
 B = Vault XP
 C = Vault XP percentage of total XP
 D = Non-vault monster count
 E = Vault monster count
 F = Vault count percentage of total count
                 A         B        C        D         E       F
            +---------+---------+-------+---------+---------+-------
      Total |    2017 |      92 |   4.4 |     109 |      14 |  11.4
            +---------+---------+-------+---------+---------+-------
        D:1 |      43 |       3 |   6.5 |      23 |       2 |   8.0
        D:2 |      40 |      67 |  62.6 |      17 |       5 |  22.7
        D:3 |     156 |       7 |   4.3 |      20 |       5 |  20.0
        D:4 |     418 |       2 |   0.5 |      20 |       1 |   4.8
        D:5 |    1267 |       0 |   0.0 |      28 |       0 |   0.0
        D:6 |      93 |       0 |   0.0 |       1 |       0 |   0.0
      Sewer |       0 |      13 | 100.0 |       0 |       1 | 100.0
            +---------+---------+-------+---------+---------+-------

Illustrated notes

Table legend:
 A = Kills in this place as a percentage of kills in entire the game.
 B = Kills by you in this place as a percentage of kills by you in the entire game.
 C = Kills by friends in this place as a percentage of kills by friends in the entire game.
 D = Other kills in this place as a percentage of other kills in the entire game.
 E = Experience gained in this place as a percentage of experience gained in the entire game.
 F = Experience gained in this place divided by the number of levels of this place that you have seen.
                   A       B       C       D       E      F
               +-------+-------+-------+-------+-------+----------------------
         Total | 100.0 | 100.0 |   N/A |   N/A | 100.0 | 301.3
       Dungeon |  99.2 |  99.2 |   N/A |   N/A |  99.4 | 349.3
         Sewer |   0.8 |   0.8 |   N/A |   N/A |   0.6 |  13.0
               +-------+-------+-------+-------+-------+----------------------

Table legend: (Time is in decaauts)
 A = Elapsed time spent in this place.
 B = Non-inter-level travel time spent in this place.
 C = Inter-level travel time spent in this place.
 D = Time resting spent in this place.
 E = Time spent auto-exploring this place.
 F = Levels seen in this place.
 G = Mean time per level.
                   A        B        C        D        E       F      G
               +--------+--------+--------+--------+--------+-----+--------+
         Total |   6330 |   6071 |    259 |   1189 |   4202 |   7 |  904.3 |
       Dungeon |   6321 |   6062 |    259 |   1189 |   4202 |   6 | 1053.5 |
         Sewer |      9 |      9 |      0 |      0 |      0 |   1 |    9.0 |
               +--------+--------+--------+--------+--------+-----+--------+

Top non-repeatable levels by time:
     D:5: 1636 daAuts
     D:3: 1487 daAuts
     D:1: 1166 daAuts
     D:4: 1021 daAuts
     D:2: 962 daAuts
     D:6: 47 daAuts
   Sewer: 9 daAuts
